 Dungeon Crawl Stone Soup version bcrawl-1.21.2-20-g6d45ba5942 (webtiles) character file.

Game seed: 2494020246173772865

2627 Mrkan the Carver (level 9, -5/79 HPs)
             Began as a Minotaur Fighter on Feb 28, 2020.
             Was a Believer of Yredelemnul.
             Slain by a death yak (16 damage)
             ... on level 6 of the Dungeon.
             The game lasted 00:10:21 (6736 turns).

Mrkan the Carver (Minotaur Fighter)                 Turns: 6736, Time: 00:10:22

Health: -5/79      AC: 13    Str: 26    XL:     9   Next: 35%
Magic:  12/12      EV:  5    Int:  5    God:    Yredelemnul [**....]
Gold:   380        SH: 15    Dex: 18    Spells: 8/8 levels left

rFire    . . .     SeeInvis +   a - +0 long sword
rCold    . . .     Gourm    .   c - +0 medium shield
rNeg     . . .     Faith    .   F - +0 plate armour
rPois    .         Spirit   .   (helmet restricted)
rElec    .         Reflect  .   (no cloak)
rCorr    .         Harm     .   (no gloves)
MR       .....                  (no boots)
Stlth    ..........             (no amulet)
HPRegen  0.23/turn              k - +5 ring of dexterity
MPRegen  0.13/turn              A - ring of see invisible

@: mighty, studying Invocations
A: retaliatory headbutt, horns 2
a: Animate Remains, Recall Undead Slaves, Injury Mirror, Renounce Religion


You were on level 6 of the Dungeon.
You worshipped Yredelemnul.
Yredelemnul was pleased with you.
You were not hungry.

You visited 1 branch of the dungeon, and saw 7 of its levels.

You collected 380 gold pieces.

Inventory:

Hand Weapons
 a - a +0 long sword (weapon)
Armour
 c - a +0 medium shield (worn)
 F - a +0 plate armour (worn)
Jewellery
 k - a +5 ring of dexterity (left hand)
 p - an uncursed ring of protection from cold
 u - a +4 ring of intelligence
 x - an uncursed ring of protection from fire
 A - a ring of see invisible (right hand)
Wands
 y - a wand of acid (5)
Scrolls
 b - a scroll of magic mapping
 f - 2 scrolls of identify
 j - 2 scrolls of fear
 m - a scroll of immolation
 r - a scroll of blinking
 v - a scroll of remove curse
 w - a scroll of teleportation
Potions
 g - 2 potions of agility
 h - 3 potions of heal wounds
 i - 4 potions of curing
 l - a potion of flight
 o - a potion of haste
 q - a potion of lignification {unknown}
 s - 2 potions of resistance
 t - a potion of berserk rage
 B - 2 potions of mutation
 D - a potion of brilliance
Books
 E - a manual of Invocations
Comestibles
 e - 13 rations {!d}


   Skills:
 + Level 7.3 Fighting
 + Level 9.1 Long Blades
 - Level 6.8 Armour
 + Level 7.6 Shields
 * Level 6.2 Invocations


You had 8 spell levels left.
You didn't know any spells.
Your spell library was empty.

Dungeon Overview and Level Annotations

Branches:
Dungeon (7/12)             Temple (0/1) D:4
   Lair: D:7-9

Altars:
Cheibriados
Hepliaklqana
Kikubaaqudgha
Lugonu
Nemelex Xobeh
Okawaru
Qazlal
Vehumet
Wu Jian
Yredelemnul
Zin

Annotations:
D:4 1 runed translucent door, Banto's ghost, amateur OpTm


Innate Abilities, Weirdness & Mutations

You reflexively headbutt those who attack you in melee.
You have a pair of horns on your head.


Message History

You feel much better. You block the death yak's attack.
You feel very mighty all of a sudden. The death yak gores you!
You hit the death yak.
The death yak is lightly wounded.
The death yak gores you!
* * * LOW HITPOINT WARNING * * *
Your plate armour prevents you from hitting the death yak.
You headbutt the death yak!
The death yak is moderately wounded.
You block the death yak's attack.
You hit the death yak. You headbutt the death yak.
The death yak is moderately wounded.
The death yak gores you.
* * * LOW HITPOINT WARNING * * *
You slash the death yak!
The death yak is heavily wounded.
The death yak gores you!
You die...
Your body rises from the dead as a mindless zombie.

####........<#.[........###......
#........................_.......
..##...#.##.#..........#..#......
####...#.##.#..#.......#.##......
.........................#####...
###..#.#....#....####)>..........
.##..#....##..##Y# #......##....
....##.##.##.###Y# #.##...#.....
.....p.......# #@# #.###...<#...
....p.......## #.####.# ##..##...
............# #..##..####...##..
...........## ##................
...........# ##....#######..<.
...........# ##z...## ###..
...........# ###....## #..
..##.#....####.......# #..
..##...#..###..#..##.### ###..


You could see 2 death yaks.

Vanquished Creatures
  A troll (D:7)
  A hippogriff (D:7)
  A yak (D:6)
  A porcupine (D:6)
  An orc warrior (D:6)
  A slave (D:6)
  3 centaurs
  A phantom (D:6)
  A bullfrog (D:6)
  A wight (D:6)
  2 crimson imps
  2 orc wizards
  2 iguanas (D:5)
  An orc priest (D:4)
  Jessica (D:2)
  4 worker ants
  2 hound skeletons
  2 gnolls (D:4)
  4 adders
  An ooze (D:3)
  An adder skeleton (D:7)
  4 worms
  3 dart slugs
  7 leopard geckos
  12 orcs
  A bat zombie (D:4)
  4 giant cockroaches
  7 goblins
  10 hobgoblins
  11 jackals
  12 kobolds
  3 quokkas
  A ball python (D:2)
  A bat (D:3)
  3 frilled lizards
  7 rats
  A rat zombie (D:4)
121 creatures vanquished.

Vanquished Creatures (collateral kills)
  Pikel (D:6)
  A sky beast (D:4)
  A slave (D:6)
  An orc warrior (D:6)
  2 ogres (D:4)
  A centaur (D:5)
  A bullfrog (D:5)
  A big kobold (D:5)
  2 crimson imps (D:5)
  A centaur zombie (D:6)
  A quasit (D:5)
  3 hounds
  An iguana (D:5)
  A worker ant (D:4)
  A gnoll (D:4)
  An adder (D:5)
  A shadow imp (D:6)
  An adder skeleton (D:4)
  A leopard gecko (D:3)
  4 orcs
  A giant cockroach (D:4)
  2 jackals
  A quokka zombie (D:5)
  A rat zombie (D:4)
32 creatures vanquished.

Vanquished Creatures (others)
  A wight (D:6)
1 creature vanquished.

Grand Total: 154 creatures vanquished

Notes
Turn   | Place    | Note
-------+----------+-------------------------------------------
     0 | D:1      | Mrkan the Minotaur Fighter began the quest for the Orb.
     0 | D:1      | Reached XP level 1. HP: 19/19 MP: 0/0
   280 | D:1      | Reached XP level 2. HP: 27/27 MP: 1/1
   372 | D:1      | Reached skill level 3 in Long Blades
   482 | D:1      | Reached XP level 3. HP: 30/33 MP: 2/2
  1147 | D:2      | Noticed Jessica
  1292 | D:2      | Reached XP level 4. HP: 40/40 MP: 3/3
  1378 | D:2      | Found a basalt altar of Yredelemnul.
  1394 | D:2      | Killed Jessica
  1394 | D:2      | Reached skill level 4 in Long Blades
  1402 | D:2      | Became a worshipper of Yredelemnul the Dark
  1843 | D:3      | Found a sparkling altar of Nemelex Xobeh.
  1843 | D:3      | Found an ornate altar of the Wu Jian Council.
  1845 | D:3      | Found a radiant altar of Vehumet.
  1845 | D:3      | Found an iron altar of Okawaru.
  1928 | D:3      | Reached XP level 5. HP: 47/47 MP: 4/4
  2290 | D:4      | Reached * piety under Yredelemnul
  2529 | D:4      | Reached skill level 5 in Long Blades
  2713 | D:4      | Found a staircase to the Ecumenical Temple.
  2771 | D:4      | Noticed an ogre
  2776 | D:4      | Killed an ogre
  2776 | D:4      | Reached skill level 5 in Shields
  2776 | D:4      | Reached skill level 1 in Invocations
  2776 | D:4      | Reached XP level 6. HP: 41/55 MP: 5/5
  2860 | D:4      | Noticed a sky beast
  2886 | D:4      | Killed a sky beast
  2886 | D:4      | Reached skill level 5 in Fighting
  2886 | D:4      | Reached skill level 5 in Armour
  3087 | D:4      | Found an ancient bone altar of Kikubaaqudgha.
  3317 | D:4      | Found a runed translucent door.
  3318 | D:4      | Noticed Banto's ghost (amateur OpTm)
  3413 | D:5      | Entered Level 5 of the Dungeon
  3474 | D:5      | Reached XP level 7. HP: 50/61 MP: 7/7
  3494 | D:5      | Reached skill level 6 in Long Blades
  3587 | D:5      | Found a stormy altar of Qazlal.
  4035 | D:5      | Reached ** piety under Yredelemnul
  4270 | D:5      | Reached skill level 7 in Long Blades
  4270 | D:5      | Reached XP level 8. HP: 70/70 MP: 9/9
  4278 | D:5      | Found a corrupted altar of Lugonu.
  4278 | D:5      | Found a snail-covered altar of Cheibriados.
  4539 | D:6      | Found a hazy altar of Hepliaklqana.
  4894 | D:6      | Noticed Pikel
  4917 | D:6      | Killed Pikel
  4917 | D:6      | Reached skill level 8 in Long Blades
  5393 | D:6      | Reached XP level 9. HP: 74/78 MP: 11/11
  5876 | D:7      | Found a glowing silver altar of Zin.
  5948 | D:7      | Reached skill level 5 in Invocations
  6033 | D:7      | Noticed a troll
  6047 | D:7      | HP: 3/79 [troll (6)]
  6048 | D:7      | Killed a troll
  6048 | D:7      | Reached skill level 9 in Long Blades
  6478 | D:7      | Noticed a death yak
  6484 | D:7      | Noticed a death yak
  6485 | D:7      | Noticed a death yak
  6736 | D:6      | Slain by a death yak

Skill      XL: |  1  2  3  4  5  6  7  8  9 |
---------------+----------------------------+-----
Long Blades    | 3 4 5 7 8 9 |  9.1
Fighting       | 4 5 6 7 |  7.3
Shields        | 4 5 6 7 |  7.6
Armour         | 4 5 6 |  6.8
Invocations    | 1 2 4 6 |  6.2

Action                   |  1- 3 |  4- 6 |  7- 9 || total
-------------------------+-------+-------+-------++-------
Melee: Long sword        |   114 |   120 |   187 ||   421
       Headbutt          |    22 |    23 |    49 ||    94
  Use: Scroll            |       |       |    17 ||    17
       Potion            |       |       |     2 ||     2
 Stab: Distracted        |       |       |     1 ||     1
  Eat: Chunk             |     1 |     6 |    13 ||    20
Armor: Scale mail        |    47 |    45 |    22 ||   114
       Chain mail        |       |       |    16 ||    16
       Plate armour      |       |       |    54 ||    54
Dodge: Dodged            |    29 |    29 |    44 ||   102
Block: Medium shield     |    53 |    52 |   150 ||   255
